 Dungeon Crawl Stone Soup version 0.32-a0-975-g85d4e5bfdb (webtiles) character file.

Game seed: 14155861827311602202

10538 Autsider the Covert (level 11, -1/55 HPs)
             Began as a Vine Stalker Enchanter on Apr 19, 2024.
             Was a Believer of Wu Jian.
             Hit by a large rock thrown by a cyclops (20 damage)
             ... on level 9 of the Dungeon.
             The game lasted 00:40:46 (9266 turns).

Autsider the Covert (Vine Stalker Enchanter)        Turns: 9266, Time: 00:40:47

Health: -1/55      AC:  9    Str: 13    XL:     11   Next: 63%
Magic:  0/22       EV: 12    Int: 17    God:    Wu Jian [**....]
Gold:   494        SH:  7    Dex: 15    Spells: 16/24 levels left

rFire   . . .        w - +2 short sword (elec)
rCold   . . .        b - +2 buckler {rN+}
rNeg    + . .        O - +2 leather armour {rPois}
rPois   +            (no helmet)
rElec   .            V - +0 cloak
rCorr   .            S - +0 pair of gloves
SInv    .            v - +0 pair of boots
Will    +....        (no amulet)
Stlth   ++++         y - +4 ring of slaying
HPRegen 1.09/turn    (no ring)
MPRegen 0.18/turn

%: guardian spirit
@: slowed, very slow
A: fangs 3, regeneration 1, magic shield, antimagic bite, no potion heal 2
a: Renounce Religion, Wall Jump


You were on level 9 of the Dungeon.
You worshipped Wu Jian.
Wu Jian was pleased with you.
You visited 2 branches of the dungeon, and saw 11 of its levels.

You collected 494 gold pieces.

Inventory:

Hand Weapons
 w - a +2 short sword of electrocution (weapon)
 x - a +0 arbalest
 F - a +0 dagger of holy wrath
 I - a +4 dagger
 M - a +0 dagger of draining
 N - a +2 whip of electrocution
 U - a +2 short sword of venom
 W - the +5 longbow of Brawling {freeze, ^Contam rN+ rCorr}
   (You found it on level 9 of the Dungeon)

   rN+:       It protects you from negative energy.
   ^Contam:   It causes magical contamination when unequipped.
   rCorr:     It protects you from acid and corrosion.
Missiles
 g - 14 boomerangs (quivered)
 h - 30 poisoned darts
 Q - 2 throwing nets
 R - 6 atropa-tipped darts
Armour
 b - a +2 buckler of positive energy (worn)
 v - a +0 pair of boots (worn)
 C - a +3 leather armour
 J - a +2 leather armour of fire resistance
 O - a +2 leather armour of poison resistance (worn)
 S - a +0 pair of gloves (worn)
 V - a +0 cloak (worn)
Magical Staves
 k - a staff of fire
 H - a staff of alchemy
Jewellery
 y - a +4 ring of slaying (left hand)
 P - the ring "Xief" {rElec rPois rC+ rN+ Dex+6}
   (You found it on level 8 of the Dungeon)

   [ring of dexterity]

   Dex+6:     It affects your dexterity (+6).
   rC+:       It protects you from cold.
   rElec:     It insulates you from electricity.
   rPois:     It protects you from poison.
   rN+:       It protects you from negative energy.
Wands
 a - a wand of quicksilver (12)
 c - a wand of polymorph (22)
 r - a wand of paralysis (23)
 A - a wand of warping (9)
 T - a wand of flame (7)
Scrolls
 d - a scroll of torment
 f - a scroll of amnesia
 i - 6 scrolls of vulnerability
 j - a scroll of blinking
 l - 3 scrolls of teleportation
 m - a scroll of brand weapon {unknown}
 n - 2 scrolls of summoning
 o - 4 scrolls of enchant armour
 p - 3 scrolls of enchant weapon {unknown}
 q - a scroll of fear {unknown}
 t - 2 scrolls of fog {unknown}
 z - 3 scrolls of immolation
 D - 3 scrolls of poison
 X - a scroll of noise {unknown}
Potions
 e - a potion of degeneration {unknown}
 s - a potion of berserk rage {unknown}
 u - 3 potions of haste {unknown}
 B - 3 potions of ambrosia {unknown}
 E - a potion of lignification {unknown}
 G - a potion of heal wounds {unknown}
 K - a potion of enlightenment {unknown}
 L - 3 potions of curing {unknown}
 Y - a potion of attraction {unknown}


   Skills:
 - Level 5.0 Fighting
 + Level 6.9 Short Blades
 - Level 5.0 Armour
 + Level 5.9 Dodging
 + Level 9.2 Stealth
 + Level 3.5 Shields
 + Level 7.1 Spellcasting
 + Level 7.7 Hexes
 - Level 1.0 Ice Magic


You had 16 spell levels left.
You knew the following spells:

 Your Spells              Type           Power      Damage    Failure   Level
a - Ensorcelled Hibernat  Hex/Ice        40%        N/A       4%          2
b - Tukima's Dance        Hex            32%        N/A       2%          3
A - Confusing Touch       Hex            32%        N/A       2%          3

Your spell library contained the following spells:

 Spells                   Type           Power      Damage    Failure   Level
 Dazzling Flash           Conj/Hex       38%        N/A       12%         3
 Freeze                   Ice            36%        1d5       13%         1
 Apportation              Tloc           12%        N/A       19%         1
 Necrotise                Necr           24%        1d5       19%         1
 Sting                    Conj/Alch      24%        1d4       19%         1
 Summon Small Mammal      Summ           24%        N/A       19%         1
 Static Discharge         Conj/Air       12%        3-4/arc   28%         2
 Frozen Ramparts          Ice            18%        1d3       36%         3
 Hailstorm                Conj/Ice       7%         3d5       43%         3
 Airstrike                Air            3%         2d(1-17)  88%         4
 Brom's Barrelling Bould  Conj/Erth      6%         2d3       88%         4
 Summon Lightning Spire   Summ/Air       6%         N/A       88%         4
 Bombard                  Conj/Erth      3%         9d1       100%        6
 Starburst                Conj/Fire      3%         6d3       100%        6
 Seismic Cannonade        Alch/Erth      3%         6d4       100%        7
 Fulsome Fusillade        Conj/Alch      3%         (3-5)d4   100%        8


Dungeon Overview and Level Annotations

Branches:
Dungeon (10/15)            Temple (1/1) D:7
   Lair: D:8-11         Orc: D:9-12

Altars:
Ashenzari
Cheibriados
Dithmenos
Elyvilon
Fedhas
Gozag
Hepliaklqana
Kikubaaqudgha
Nemelex Xobeh
Okawaru
Qazlal
Ru
Sif Muna
Trog
Uskayaw
Vehumet
Wu Jian
Xom
Yredelemnul
Zin
The Shining One

Annotations:
D:4 exclusions: 2 downstairs and 1 more exclusion


Innate Abilities, Weirdness & Mutations

You have razor-sharp teeth.
Your natural rate of healing is unusually fast.
When hurt, damage is shared between your health and your magic reserves.
Your bite disrupts and absorbs the magic of your enemies.
Potions cannot restore your health.


Message History

You have difficulty breathing.
You feel yourself slow down.
Your +0 dagger completely misses the kobold.
Casting: Tukima's Dance (dangerous; 2% risk of failure)
Confirm with . or Enter, or press ? or * to list all spells.
Aiming: Tukima's Dance (dangerous; 2% risk of failure)
Press: ? - help, Shift-Dir - straight line, f/p - kobold brigand
Aim: a kobold brigand, wielding a +0 whip and quivering curare-tipped darts (chance to affect: 62%)
The kobold brigand resists with significant effort.
You feel sick.
Your +0 dagger hits the kobold. x2
The kobold dies!
The Council accepts your kill.
You feel sick.
Your +0 dagger hits the kobold brigand but does no damage.
The kobold brigand hits you with a +0 whip!
Your +0 dagger hits the kobold brigand.
The cyclops hits you!!
* * * LOW HITPOINT WARNING * * *
The kobold brigand hits your +0 dagger with a +0 short sword.
The kobold brigand hits you but does no damage.
Your +0 dagger closely misses the kobold brigand.
You climb upwards.
You feel sick.
There is a stone staircase leading down, spattered with blood here.
You spin and attack the kobold brigand repeatedly.
You puncture the kobold brigand! You bite the kobold brigand!
You drain its power.
You feel invigorated.
The kobold brigand is severely wounded.
You hit the kobold brigand. Your bite misses the kobold brigand.
The kobold brigand is severely wounded.
You feel sick.
You are no longer poisoned.
The kobold brigand closely misses you.
Your magical contamination has completely faded away.
Things that are here:
a +0 robe; a +0 whip The cyclops attacks as it pursues you!
The cyclops hits you but does no damage.
The kobold brigand hits you with a +0 whip.
* * * LOW HITPOINT WARNING * * *
The cyclops throws a large rock.
The large rock hits you!!!
You die...

.................<..# #..
....................# ###..
....................# #....
....................#########....
###..............................
#.))...........................
#...########'#######...######..
#####'#######.......>#..(#....#..
~~†~~.~~~~~~#...@....#..[#....'..
~~~.....~~~~#.....K).#.[)#....#..
~~.......~~~#.....C..#...#....#..
~....♣....~~#......>.#...#....#..
...♣♣.♣♣...~#.....(..#...######.>
...♣...♣...~#........#...........
..♣..♣..♣..~##########...........
...♣...♣...~#.....<..............
...♣♣.♣♣...~#####'#...#######....


You could see a cyclops and a kobold brigand.

Vanquished Creatures
  An ogre mage (D:9)
  2 two-headed ogres
  Pikel (D:7)
  2 cyclopes
  Maurice (D:9)
  Joseph (D:7)
  A komodo dragon (D:10)
  A troll (D:7)
  Prince Ribbit (D:7)
  A shadow (D:9)
  Eustachio (D:5)
  5 yaks
  A steam dragon (D:8)
  A water moccasin (D:6)
  Duvessa (D:5)
  4 black bears
  An orc warrior (D:8)
  An ice beast (shapeshifter) (D:10)
  A sky beast (D:7)
  2 ice beasts (D:5)
  An ogre (D:5)
  2 centaurs
  3 lemures (D:7)
  2 kobold brigands
  3 phantoms
  4 bullfrogs
  2 gnoll sergeants (D:7)
  A scorpion (D:10)
  4 wights (D:7)
  Dowan (D:5)
  An electric eel (D:9)
  3 howler monkeys
  A bombardier beetle (D:6)
  2 jellies
  6 orc priests
  3 hounds
  A gnoll bouda (D:6)
  7 iguanas
  3 sleepcaps
  8 orc wizards
  12 gnolls
  4 adders
  A white imp (D:8)
  4 ufetubi
  4 dart slugs
  2 ribbon worms
  18 orcs
  5 endoplasms
  2 giant cockroaches (D:1)
  8 goblins
  12 hobgoblins
  6 jackals (D:3)
  7 quokkas
  8 ball pythons
  7 bats
  8 frilled lizards
  16 kobolds
  5 rats
217 creatures vanquished.

Vanquished Creatures (collateral kills)
  2 two-headed ogres (D:9)
  An orc warrior (D:9)
  An ogre (D:5)
  4 orc priests
  2 orc wizards
  An adder (D:5)
  6 orcs
  An endoplasm (D:2)
  A goblin (D:2)
  3 kobolds
  A bat (D:2)
23 creatures vanquished.

Vanquished Creatures (others)
  16 dancing weapons
16 creatures vanquished.

Grand Total: 256 creatures vanquished

Notes
Turn   | Place    | Note
-------+----------+-------------------------------------------
     0 | D:1      | Autsider the Vine Stalker Enchanter began the quest for the
                  | Orb.
     0 | D:1      | Reached XP level 1. HP: 9/9 MP: 4/4
    33 | D:1      | Reached skill level 1 in Short Blades
   128 | D:1      | Reached XP level 2. HP: 13/13 MP: 6/6
   263 | D:1      | Reached skill level 4 in Stealth
   607 | D:1      | Reached XP level 3. HP: 16/16 MP: 8/8
  1331 | D:2      | Reached skill level 1 in Ice Magic
  1336 | D:2      | Reached XP level 4. HP: 21/21 MP: 5/9
  1493 | D:2      | Learned a level 2 spell: Ensorcelled Hibernation
  1497 | D:2      | Learned a level 3 spell: Tukima's Dance
  1501 | D:2      | Learned a level 3 spell: Confusing Touch
  1799 | D:2      | Found a hide-covered altar of Uskayaw.
  2238 | D:3      | HP: 1/21 [something (2)]
  2323 | D:3      | Found an ancient bone altar of Kikubaaqudgha.
  2623 | D:3      | Reached XP level 5. HP: 21/24 MP: 8/10
  2703 | D:3      | Found a shimmering altar of Xom.
  3141 | D:4      | Reached skill level 1 in Armour
  3230 | D:4      | Found an iron altar of Okawaru.
  3564 | D:5      | Entered Level 5 of the Dungeon
  3568 | D:5      | Noticed an ogre
  3613 | D:5      | Noticed an ice beast
  3707 | D:5      | Reached XP level 6. HP: 28/28 MP: 11/11
  3737 | D:5      | Noticed a black bear
  3745 | D:5      | Killed a black bear
  3761 | D:5      | Noticed a black bear
  3767 | D:5      | Killed a black bear
  3768 | D:5      | Reached skill level 5 in Stealth
  3768 | D:5      | Reached XP level 7. HP: 22/32 MP: 7/13
  3856 | D:5      | Reached skill level 5 in Hexes
  3931 | D:5      | Gained mutation: You have razor-sharp teeth. [Vine Stalker
                  | growth]
  3931 | D:5      | Reached XP level 8. HP: 37/37 MP: 10/15
  4075 | D:5      | Noticed Eustachio
  4158 | D:5      | Killed Eustachio
  4159 | D:5      | Reached skill level 1 in Fighting
  4391 | D:5      | Found a hazy altar of Hepliaklqana.
  4419 | D:5      | Noticed Duvessa
  4419 | D:5      | Noticed Dowan
  4452 | D:5      | Killed Duvessa
  4600 | D:5      | Killed Dowan
  4956 | D:6      | Reached skill level 6 in Stealth
  5039 | D:6      | Reached XP level 9. HP: 42/42 MP: 17/17
  5137 | D:6      | Found a radiant altar of Vehumet.
  5317 | D:6      | Reached skill level 5 in Spellcasting
  5594 | D:6      | Found a stormy altar of Qazlal.
  5640 | D:6      | Found a bloodstained altar of Trog.
  5971 | D:7      | Reached skill level 5 in Short Blades
  6072 | D:7      | Noticed Prince Ribbit
  6150 | D:7      | Killed Prince Ribbit
  6447 | D:7      | Noticed a cyclops
  6451 | D:7      | Killed a cyclops
  6452 | D:7      | Reached skill level 7 in Stealth
  6459 | D:7      | Noticed a troll
  6461 | D:7      | Reached XP level 10. HP: 49/49 MP: 19/19
  6599 | D:7      | Noticed Joseph
  6612 | D:7      | Killed Joseph
  6673 | D:7      | Found a staircase to the Ecumenical Temple.
  6680 | Temple   | Entered the Ecumenical Temple
  6693 | Temple   | Became a worshipper of the Wu Jian Council
  6912 | D:7      | Noticed Pikel
  6924 | D:7      | Killed Pikel
  6925 | D:7      | Reached skill level 1 in Shields
  7239 | D:8      | Identified the ring "Xief" {rElec rPois rC+ rN+ Dex+6}
  7355 | D:8      | Found a shadowy altar of Dithmenos.
  7670 | D:8      | Reached * piety under Wu Jian
  7677 | D:8      | Reached skill level 5 in Dodging
  7677 | D:8      | Reached skill level 8 in Stealth
  7941 | D:9      | Noticed a two-headed ogre
  7949 | D:9      | Killed a two-headed ogre
  8011 | D:9      | Noticed a two-headed ogre
  8018 | D:9      | Killed a two-headed ogre
  8019 | D:9      | Reached XP level 11. HP: 54/54 MP: 9/21
  8100 | D:9      | Noticed Maurice
  8138 | D:9      | Killed Maurice
  8276 | D:9      | Identified the +5 longbow of Brawling {freeze, ^Contam rN+
                  | rCorr}
  8568 | D:9      | Noticed a two-headed ogre
  8579 | D:9      | Killed a two-headed ogre
  8634 | D:9      | Reached skill level 5 in Armour
  8827 | D:10     | Entered Level 10 of the Dungeon
  8854 | D:10     | Noticed a two-headed ogre
  8954 | D:10     | Noticed an ogre mage
  8981 | D:10     | Noticed a cyclops
  9010 | D:10     | Noticed a five-headed hydra
  9027 | D:9      | Killed an ogre mage
  9028 | D:9      | Reached skill level 5 in Fighting
  9068 | D:10     | Killed a two-headed ogre
  9069 | D:10     | Reached skill level 9 in Stealth
  9077 | D:10     | Reached ** piety under Wu Jian
  9084 | D:10     | Noticed a fire dragon
  9210 | D:10     | Noticed an entropy weaver
  9211 | D:10     | Noticed a cyclops
  9221 | D:9      | Killed a cyclops
  9266 | D:9      | Hit by a large rock thrown by a cyclops

Illustrated notes

Levels and vault maps discovered:
D:1:      minmay_arrival_shattered_statue, layout_basic
D:2:      layout_rooms, basic_altar, minmay_misc_feat_four_crosses,
          grunt_ministairs_9, nrook_mini_backslash
D:3:      layout_loops_ring, mainiacjoe_overflow_24_doors,
          mainiacjoe_overflow_alcove_4, minmay_strange_pillars
D:4:      layout_basic, kennysheep_mini_moat
D:5:      minmay_bubble_buster, layout_basic, mainiacjoe_overflow_paths,
          uniq_eustachio, uniq_duvessa
D:6:      layout_basic, marbit_many_paths, minitemple, minivault_24
D:7:      minmay_cornered_nines, layout_basic,
          minmay_temple_entry_statues_pillars, moated_statue, uniq_pikel,
          uniq_joseph, uniq_prince_ribbit1
D:8:      layout_rooms, mainiacjoe_overflow_catwalk, dreamdust_princess_corridor
D:9:      layout_irregular_city, kennysheep_generic_room_2, uniq_maurice
D:10:     minmay_the_grid_octo_2x2 [minmay_the_grid_octo_horde,
          minmay_the_grid_octo_focus, minmay_the_grid_octo_concentric,
          minmay_the_grid_octo_prize_square_snowflake], layout_cave_pools,
          lightli_temple_of_fire, grunt_lair_entry_orc_guard_hut,
          enter_bailey_3, corexii_leaking_fountain, hangedman_glass_teeth,
          minmay_misc_feat_columns, hangedman_decor_peaks_small
Temple:   hellmonk_temple_forest_ring

Skill      XL: |  1  2  3  4  5  6  7  8  9 10 11 |
---------------+----------------------------------+-----
Short Blades   | 1 2 4 5 6 |  6.9
Stealth        | 4 5 6 7 8 9 |  9.2
Dodging        | 2 3 4 5 |  5.9
Spellcasting   | 3 4 5 6 7 |  7.1
Ice Magic      | 1 |  1.0
Hexes          | 4 5 6 7 |  7.7
Armour         | 1 2 3 4 5 |  5.0
Fighting       | 2 3 4 5 |  5.0
Shields        | 2 3 |  3.5

Action                     |  1- 3 |  4- 6 |  7- 9 | 10-12 || total
---------------------------+-------+-------+-------+-------++-------
  Melee: Dagger            |   111 |   153 |       |       ||   264
         Bite              |    33 |    42 |    41 |    58 ||   174
         Short sword       |       |    44 |   175 |   190 ||   409
         Unarmed           |       |       |    19 |       ||    19
   Cast: Ensorcelled Hiber |       |     9 |    22 |    19 ||    50
         Tukima's Dance    |       |     5 |    23 |    46 ||    74
         Confusing Touch   |       |     2 |    11 |     4 ||    17
Ability: Lunge             |       |       |       |    16 ||    16
         Whirlwind         |       |       |       |     5 ||     5
  Evoke: Wand              |       |       |       |     1 ||     1
    Use: Potion            |       |     1 |     1 |       ||     2
         Scroll            |       |       |       |     9 ||     9
   Stab: Sleeping          |     5 |    17 |    25 |    16 ||    63
         Confused          |       |       |     8 |       ||     8
         Distracted        |       |       |       |     2 ||     2
 Armour: Robe              |    75 |   114 |    18 |       ||   207
         Leather armour    |       |       |    80 |    85 ||   165
         Skin              |       |       |     6 |    20 ||    26
  Dodge: Dodged            |    70 |    75 |    96 |    90 ||   331
  Block: Buckler           |       |       |       |    47 ||    47

Table legend: (Time is in decaauts)
 A = Elapsed time spent in this place.
 B = Non-inter-level travel time spent in this place.
 C = Inter-level travel time spent in this place.
 D = Time resting spent in this place.
 E = Time spent auto-exploring this place.
 F = Levels seen in this place.
 G = Mean time per level.
                   A        B        C        D        E       F      G
               +--------+--------+--------+--------+--------+-----+--------+
         Total |   9162 |   8477 |    685 |    751 |   5227 |  11 |  832.9 |
       Dungeon |   9137 |   8476 |    661 |    751 |   5227 |  10 |  913.7 |
        Temple |     25 |      1 |     24 |      0 |      0 |   1 |   25.0 |
               +--------+--------+--------+--------+--------+-----+--------+

Top non-repeatable levels by time:
     D:9: 1241 daAuts
     D:1: 1208 daAuts
     D:7: 1170 daAuts
     D:5: 1131 daAuts
     D:6: 1114 daAuts
     D:3: 996 daAuts
     D:2: 818 daAuts
     D:8: 698 daAuts
     D:4: 596 daAuts
    D:10: 159 daAuts
  Temple: 25 daAuts
